 Dungeon Crawl Stone Soup version 0.30.0-5-g1a98f26d00 (webtiles) character file.

Game seed: 12287173418358244092

9 browni3141 the Trooper (level 2, -3/32 HPs)
             Began as an Ogre Delver on May 10, 2023.
             Slain by a mummy (14 damage)
             ... on level 5 of the Dungeon.
             The game lasted 00:00:21 (170 turns).

browni3141 the Trooper (Ogre Delver)                 Turns: 170, Time: 00:00:22

Health: -3/32      AC:  3    Str: 15    XL:     2   Next: 16%
Magic:  2/2        EV:  9    Int: 11    God:
Gold:   14         SH:  0    Dex: 10    Spells: 1/1 levels left

rFire   . . .        a - +0 mace
rCold   . . .        (no shield)
rNeg    . . .        b - +0 robe
rPois   .            (helmet restricted)
rElec   .            (no cloak)
rCorr   .            (gloves unavailable)
SInv    .            (boots unavailable)
Will    .....        (no amulet)
Stlth   ++           (no ring)
HPRegen 0.25/turn    (no ring)
MPRegen 0.08/turn

%: no passive effects
@: no status effects
A: large, unfitting armour, tough skin 1
a: no special abilities


You were on level 5 of the Dungeon.
You visited 1 branch of the dungeon, and saw 1 of its levels.

You collected 14 gold pieces.

Inventory:

Hand Weapons
 a - a +0 mace (weapon)
Armour
 b - a +0 robe (worn)
Wands
 g - a wand of digging (3)
Scrolls
 d - a scroll of magic mapping
 e - a scroll of fear
 F - a scroll of fog
Potions
 h - a potion of haste


   Skills:
 + Level 4.3 Fighting
 * Level 2.3 Maces & Flails
 - Level 1.7 Dodging
 - Level 3.7 Stealth


You had one spell level left.
You didn't know any spells.
Your spell library was empty.

Dungeon Overview and Level Annotations

Branches:
Dungeon (5/15)
 Temple: D:4-7

Altars:

Portals:
Ossuary: D:5


Innate Abilities, Weirdness & Mutations

You are too large for most types of armour.
You have tough skin. (AC +1)


Message History

Setting a skill training target for Armour at 7.0.
Setting a skill training target for Shields at 5.0.
Setting a skill training target for Stealth at 2.0.
Setting a skill training target for Spellcasting at 3.0.
Setting a skill training target for Conjurations at 7.0.
Setting a skill training target for Summonings at 16.0.
Setting a skill training target for Necromancy at 10.0.
Setting a skill training target for Fire Magic at 6.0.
Setting a skill training target for Earth Magic at 10.0.
Setting a skill training target for Invocations at 14.0.
Setting a skill training target for Evocations at 10.0.
Setting a skill training target for Throwing at 2.0.
An adder comes into view.
The adder hisses angrily.
You miss the adder. The adder barely misses you.
You barely miss the adder. The adder closely misses you.
The adder barely misses you.
You closely miss the adder. The adder bites you but does no damage.
The adder barely misses you.
You hit the adder but do no damage. The adder barely misses you.
The adder bites you but does no damage.
You hit the adder but do no damage. The adder bites you.
You closely miss the adder. The adder misses you.
The adder bites you but does no damage.
You closely miss the adder. The adder bites you. x2
You are poisoned.
The adder poisons you!
You sock the adder!
The adder is almost dead.
You feel sick. The adder barely misses you. The adder bites you.
You are more poisoned.
The adder poisons you!
You are too injured to fight recklessly!
You are too injured to fight recklessly!
You closely miss the adder.
The adder is almost dead.
You feel sick. The adder completely misses you.
You barely miss the adder.
The adder is almost dead.
You feel sick. The adder barely misses you.
The adder bites you but does no damage.
You barely miss the adder.
The adder is almost dead.
You feel sick. The adder bites you but does no damage.
The adder barely misses you.
You closely miss the adder.
The adder is almost dead.
You feel sick. The adder bites you.
* * * LOW HITPOINT WARNING * * *
The adder bites you but does no damage.
You miss the adder.
The adder is almost dead.
You feel sick.
You are no longer poisoned.
The adder bites you.
* * * LOW HITPOINT WARNING * * *
You closely miss the adder.
The adder is almost dead.
The adder bites you but does no damage. The adder bites you.
* * * LOW HITPOINT WARNING * * *
You closely miss the adder.
The adder is almost dead.
The adder barely misses you. The adder closely misses you.
You sock the adder!
You kill the adder!
Training target 2.0 for Stealth reached!
Your Maces & Flails skill increases to level 2!
You have reached level 2!
You start resting.
You hear the slow hiss of an avalanche of sand nearby.
You start resting.
You hear the slow hiss of an avalanche of sand nearby.
You start resting.
You hear the slow hiss of an avalanche of sand nearby.
You now have 14 gold pieces.
You open the door.
A kobold zombie comes into view.
You sock the kobold zombie!
You destroy the kobold zombie!
No target in view!
As you open the door, it creaks loudly!
A mummy comes into view.
Found a sand-covered staircase.
You hit the mummy.
The mummy is moderately damaged.
The mummy hits you!
You hit the mummy but do no damage.
The mummy is moderately damaged.
You hit the mummy but do no damage.
The mummy is moderately damaged.
The mummy hits you!
You are too injured to fight recklessly!
You are too injured to fight recklessly!
You sock the mummy!
The mummy is heavily damaged.
The mummy barely misses you.
You thump the mummy!
The mummy is almost destroyed.
The mummy hits you!
You die...

#.#.#.###..#
......(....##
#.#.#.###...#
#.....#.#...#
###.###.#...####
...†............
......##...^########
...................###..
................@.......
......###'###.###M###..#
.##.#.. #. #...# ∩#
....##..###.....### ####
#. #.......# ..###+###..
##. .## # #


You could see a mummy.

Vanquished Creatures
  An adder (D:5)
  A kobold zombie (D:5)
2 creatures vanquished.

Notes
Turn   | Place    | Note
-------+----------+-------------------------------------------
     0 | D:5      | browni3141 the Ogre Delver began the quest for the Orb.
     0 | D:5      | Reached XP level 1. HP: 24/24 MP: 1/1
    30 | D:5      | HP: 1/24 [adder (1)]
    33 | D:5      | Reached XP level 2. HP: 2/32 MP: 2/2
   165 | D:5      | Found a sand-covered staircase.
   170 | D:5      | Slain by a mummy

Illustrated notes

Levels and vault maps discovered:
D:5:      layout_basic, gammafunk_temple_overflow_claw,
          nicolae_ossuary_entry_giza, grunt_ministairs_14,
          minmay_misc_feat_roman, serial_bayou_pond_e, uniq_menkaure

Skill      XL: |  1 |
---------------+----+-----
Maces & Flails | 2 |  2.3
Fighting       | |  4.3
Dodging        | |  1.7
Stealth        | |  3.7

Action                     || total
---------------------------++-------
  Melee: Mace              ||    22
 Armour: Robe              ||     7
  Dodge: Dodged            ||    13
